 Dungeon Crawl Stone Soup version 0.28-a0-1084-ga282ea246d (webtiles) character file.

Game seed: 3146241141017875066

11 ChaosChampion the Insei (level 2, -1/18 HPs)
             Began as an Octopode Transmuter on Dec 10, 2021.
             Frozen to death by an endoplasm (4 damage)
             ... on level 2 of the Dungeon.
             The game lasted 00:00:41 (98 turns).

ChaosChampion the Insei (Octopode Transmuter)         Turns: 98, Time: 00:00:42

Health: -1/18      AC:  1    Str:  9    XL:     2   Next: 29%
Magic:  5/5        EV: 13    Int: 15    God:
Gold:   15         SH:  0    Dex: 12    Spells: 4/5 levels left

rFire   . . .      SeeInvis .     - Unarmed
rCold   . . .      Faith    .   (no shield)
rNeg    . . .      Spirit   .   (helmet restricted)
rPois   .          Reflect  .   (no amulet)
rElec   .          Harm     .   (no ring)
rCorr   .          Rampage  .   (no ring)
Will    .....                   (no ring)
Stlth   ++........              (no ring)
HPRegen 0.06/turn               (no ring)
MPRegen 0.09/turn               (no ring)
                                (no ring)
                                (no ring)

@: no status effects
A: almost no armour, amphibious, 8 rings, camouflage 1, gelatinous body 1,
(nimble swimmer 1), tentacles
a: no special abilities


You were on level 2 of the Dungeon.
You visited 1 branch of the dungeon, and saw 2 of its levels.

You collected 15 gold pieces.

Inventory:

Scrolls
 c - a scroll of fog {unknown}
Potions
 a - a potion of ambrosia {unknown}
 b - a potion of invisibility {unknown}


   Skills:
 + Level 1.2 Fighting
 + Level 2.1 Dodging
 + Level 0.5 Stealth
 * Level 3.2 Unarmed Combat
 + Level 2.1 Spellcasting
 + Level 2.1 Transmutations


You had 4 spell levels left.
You knew the following spells:

 Your Spells              Type           Power      Damage    Failure   Level
a - Beastly Appendage     Tmut           16%        N/A       9%          1

Your spell library contained the following spells:

 Spells                   Type           Power      Damage    Failure   Level
 Wereblood                Tmut           8%         N/A       14%         2
 Spider Form              Tmut/Pois      4%         N/A       38%         3
 Ice Form                 Ice/Tmut       4%         N/A       80%         4


Dungeon Overview and Level Annotations

Branches:
Dungeon (1/15)

Altars:


Innate Abilities, Weirdness & Mutations

You cannot wear most types of armour.
You are amphibious.
You can wear up to eight rings at the same time.
Your skin changes colour to match your surroundings (Stealth+).
Your rubbery body absorbs attacks. (AC +1, EV +1)
((You are camouflaged near water. (Stealth+)))
You have tentacles for arms and can constrict up to eight enemies at once.


Message History

A sudden malevolence fills the Dungeon...
You fall into a shaft and drop 1 floor!
The shaft crumbles and collapses.
Found 5 gold pieces.
You now have 15 gold pieces (gained 5).
There are no items here.
Found a scroll labelled GAIV GOHUNOUS.
c - a scroll labelled GAIV GOHUNOUS An adder comes into view.
Found a stone staircase leading down.
The adder hisses angrily.
The adder barely misses you.
You barely miss the adder. Your grab misses the adder.
Your squeeze misses the adder. The adder bites you.
An endoplasm comes into view.
There is a stone staircase leading down here.
You can't go up here!
You tentacle-slap the adder. Your grab misses the adder.
The adder is lightly wounded.
The adder barely misses you.
You barely miss the adder. You grab the adder. You squeeze the adder!
The adder is almost dead.
You constrict the adder.
You kill the adder!
You have reached level 2!
The helpless endoplasm fails to defend itself.
You tentacle-slap the endoplasm.
The endoplasm is moderately wounded.
The endoplasm freezes you.
You are frozen.
You barely miss the endoplasm.
The endoplasm is moderately wounded.
The endoplasm freezes you.
You are frozen.
* * * LOW HITPOINT WARNING * * *
You tentacle-slap the endoplasm.
The endoplasm is heavily wounded.
The endoplasm freezes you.
You are frozen.
You die...

#.#.......
..#######........
.............#
........#.†..#
......#.#.>..#
#######.#....#
#.#....# #.#....#
#.#.@..# #.#.J..#
#.#....#
###.#....#
#...#....#
#...#......
#...#....###
#...#.#..#
#...#.#..#


You could see an endoplasm.

Vanquished Creatures
  An adder (D:2)
  A ball python (D:1)
  A bat (D:1)
  A rat (D:1)
4 creatures vanquished.

Notes
Turn   | Place    | Note
-------+----------+-------------------------------------------
     0 | D:1      | ChaosChampion the Octopode Transmuter began the quest for
                  | the Orb.
     0 | D:1      | Reached XP level 1. HP: 13/13 MP: 3/3
    48 | D:1      | You fall into a shaft and drop 1 floor!
    88 | D:2      | Reached XP level 2. HP: 11/18 MP: 5/5
    98 | D:2      | Frozen to death by an endoplasm

Illustrated notes

Levels and vault maps discovered:
D:1:      roderic_crop_circles_arrival_large, layout_rooms
D:2:      layout_basic, hellmonk_ecumenical_altar_run_dry, uniq_robin,
          uniq_crazy_yiuf_cottage

Action                   || total
-------------------------++-------
Melee: Unarmed           ||     9
       Tentacles         ||     4
       Constrict         ||     3
 Stab: Sleeping          ||     3
Armor: Skin              ||     2
Dodge: Dodged            ||     4

Table legend: (Time is in decaauts)
 A = Elapsed time spent in this place.
 B = Non-inter-level travel time spent in this place.
 C = Inter-level travel time spent in this place.
 D = Time resting spent in this place.
 E = Time spent auto-exploring this place.
 F = Levels seen in this place.
 G = Mean time per level.
                   A        B        C        D        E       F      G
               +--------+--------+--------+--------+--------+-----+--------+
         Total |     97 |     97 |      0 |      0 |     23 |   2 |   48.5 |
       Dungeon |     97 |     97 |      0 |      0 |     23 |   2 |   48.5 |
               +--------+--------+--------+--------+--------+-----+--------+

Top non-repeatable levels by time:
     D:2: 49 daAuts
     D:1: 47 daAuts
